 Dungeon Crawl Stone Soup version 0.29.1-15-g9cfb28693d (webtiles) character file.

Game seed: 7805832885740538318

9 blaah the Trooper (level 2, 0/24 HPs)
             Began as a Human Berserker on May 1, 2023.
             Was a Follower of Trog.
             Succumbed to an adder's poison
             ... on level 2 of the Dungeon.
             The game lasted 00:06:04 (540 turns).

blaah the Trooper (Human Berserker)                  Turns: 540, Time: 00:06:05

Health: 0/24       AC:  5    Str: 17    XL:     2   Next: 20%
Magic:  2/2        EV: 11    Int:  7    God:    Trog [*.....]
Gold:   28         SH:  0    Dex: 12    Spells: 1/1 levels left

rFire   . . .      SeeInvis .   e - +0 dagger
rCold   . . .      Faith    .   (no shield)
rNeg    . . .      Spirit   .   h - +0 ring mail
rPois   .          Reflect  .   (no helmet)
rElec   .          Harm     .   (no cloak)
rCorr   .          Rampage  .   (no gloves)
Will    .....                   (no boots)
Stlth   +.........              (no amulet)
HPRegen 0.08/turn               (no ring)
MPRegen 0.08/turn               (no ring)

@: lethally poisoned (0 -> -5)
A: no striking features
a: Renounce Religion, Berserk


You were on level 2 of the Dungeon.
You worshipped Trog.
Trog was aware of your devotion.
You visited 1 branch of the dungeon, and saw 2 of its levels.

You collected 36 gold pieces.
You spent 8 gold pieces at shops.

Inventory:

Hand Weapons
 a - a +0 hand axe
 e - a +0 dagger (weapon)
 j - a +0 spear
 l - a +0 club
 m - a +0 short sword
Missiles
 k - 2 poisoned darts
Armour
 b - a +0 animal skin
 g - a +0 robe
 h - a +0 ring mail (worn)
Scrolls
 d - a scroll of amnesia (quivered)
Potions
 c - 2 potions of ambrosia {unknown}
 f - a potion of haste {unknown}
 i - a potion of curing


   Skills:
 + Level 3.3 Fighting
 + Level 3.2 Axes
 + Level 2.0 Armour
 + Level 2.1 Dodging


You had one spell level left.
You didn't know any spells.
Your spell library was empty.

Dungeon Overview and Level Annotations

Branches:
Dungeon (2/15)

Altars:

Shops:
D:1 [


Message History

The adder bites you but does no damage.
You barely miss the adder.
The adder is lightly wounded.
The adder bites you. x2
You are poisoned.
The adder poisons you!
You hit the adder but do no damage.
The adder is lightly wounded.
You feel sick. The adder closely misses you.
You barely miss the adder.
The adder is lightly wounded.
You feel sick. The adder bites you but does no damage.
You miss the adder.
The adder is lightly wounded.
You feel sick. The adder bites you but does no damage.
The adder barely misses you.
You hit the adder.
The adder is lightly wounded.
You feel sick. The adder barely misses you.
You hit the adder.
The adder is heavily wounded.
You feel sick. The adder barely misses you.
You hit the adder.
The adder is heavily wounded.
You feel sick. The adder bites you.
* * * LOW HITPOINT WARNING * * *
You miss the adder.
The adder is heavily wounded.
You feel sick.
You are no longer poisoned.
The adder barely misses you. The adder bites you but does no damage.
You hit the adder but do no damage.
The adder is heavily wounded.
The adder bites you.
* * * LOW HITPOINT WARNING * * *
You are lethally poisoned!
The adder poisons you!
You miss the adder.
The adder is heavily wounded.
You die...

######.##..#.#.#.#
#........†.....#.#
####...........#.#
###.###.#.....# #.#
#.......#
###.###....##.#####.
...........##.......
.....#......<..##
.###.#..#@S.#..#
#..#......#
#..#..#....#
#..#..##......
$..#..# ..#..#
.##..... ..##.#
#.... ..# .. .....#
.#


You could see an adder.

Vanquished Creatures
  A dart slug (D:1)
  A goblin (D:1)
  2 ball pythons
  A bat (D:2)
  3 rats
8 creatures vanquished.

Notes
Turn   | Place    | Note
-------+----------+-------------------------------------------
     0 | D:1      | blaah the Human Berserker began the quest for the Orb.
     0 | D:1      | Reached XP level 1. HP: 18/18 MP: 1/1
   216 | D:1      | Found Duomegin's Armour Shoppe.
   237 | D:1      | Bought a +0 robe for 8 gold pieces
   374 | D:2      | Reached XP level 2. HP: 24/24 MP: 2/2
   540 | D:2      | Succumbed to an adder's poison

Illustrated notes

Levels and vault maps discovered:
D:1:      dpeg_arrival_lava_altar, layout_rooms, serial_shops, shop,
          minmay_hexomino_c4
D:2:      layout_basic, grunt_ministairs_10, minmay_close_crescents

Action                   || total
-------------------------++-------
Melee: Hand axe          ||     6
       Dagger            ||    19
  Use: Scroll            ||     2
       Potion            ||     2
Armor: Animal skin       ||     3
       Ring mail         ||    12
Dodge: Dodged            ||    29
